Map: Acid Plant LE

Players

ShoWTimE

  • Race: Protoss Protoss
  • Spawn Location: 11:00

Stats - Winner!

  • Race: Protoss Protoss
  • Spawn Location: 5:00

Event: 2018 WCS Global Finals

VOD

Have the link to the VOD?

Description

Time

  • Played on: Oct. 27, 2018, 3:29 p.m.
  • Length: 9:23

All games in this series

Show
View Real Time Build Order
Export as new Build Order

ShoWTimE Protoss 

Build Orders: Phoenix Opening, Mass Phoenix 

Get SALT Encoding   

  12  0:00  Probe  
  13  0:12  Probe  
  14  0:17  Pylon  
  14  0:23  Probe  
  15  0:32  Probe  
  15  0:36  Gateway  
  15  0:40  Probe  
  16  0:45  Assimilator  
  17  0:51  Probe  
  17  0:54  Assimilator  
  18  0:59  Probe  
  19  1:07  Probe  
  19  1:11  Gateway  
  19  1:17  Probe  
  20  1:24  Cybernetics Core  
  21  1:29  Probe  
  22  1:34  Pylon  
  22  1:41  Probe  
  23  1:53  Probe  
  24  2:00  Warp Gate, Adept x2  
  28  2:10  Pylon  
  28  2:27  Adept  
  28  2:28  Adept  
  32  2:36  Stargate  
  31  2:54  Adept  
  31  2:55  Adept  
  35  3:12  Phoenix, Pylon  
  37  3:30  Phoenix  
  37  3:31  Nexus  
  37  3:37  Probe  
  40  3:49  Probe  
  40  3:50  Phoenix  
  43  4:01  Probe  
  44  4:07  Phoenix  
  44  4:10  Pylon  
  44  4:13  Probe  
  47  4:27  Phoenix  
  47  4:28  Assimilator, Probe  
  50  4:40  Probe  
  50  4:42  Stargate  
  50  4:44  Probe  
  50  4:52  Probe  
  49  4:56  Phoenix, Probe  
  48  5:04  Probe  
  51  5:08  Probe  
  52  5:14  Phoenix, Pylon  
  52  5:16  Probe  
  52  5:20  Probe  
  54  5:27  Phoenix  
  54  5:28  Probe  
  59  5:32  Assimilator, Probe  
  60  5:40  Probe  
  60  5:41  Phoenix  
  61  5:44  Probe  
  64  5:52  Probe  
  64  5:53  Pylon  
  64  5:54  Phoenix  
  67  5:57  Probe  
  67  6:02  Phoenix  
  68  6:04  Probe  
  71  6:11  Probe  
  71  6:13  Pylon  
  71  6:16  Probe  
  73  6:22  Phoenix  
  75  6:30  Phoenix  
  77  6:35  Fleet Beacon  
  77  6:38  Phoenix  
  77  6:40  Pylon  
  79  6:55  Phoenix  
  81  7:02  Nexus  
  81  7:08  Stalker  
  81  7:10  Phoenix  
  85  7:16  Phoenix, Pylon  
  85  7:18  Stalker  
  89  7:35  Anion Pulse-Crystals  
  89  7:39  Phoenix  
  75  7:50  Phoenix  
  69  7:56  Phoenix  
  67  7:58  Probe x2  
  67  8:10  Probe x2  
  67  8:11  Phoenix, Probe  
  69  8:18  Probe  
  72  8:23  Probe x2  
  72  8:25  Phoenix  
  72  8:27  Shield Battery, Pylon  
  77  8:28  Probe  
  77  8:31  Assimilator  
  78  8:35  Probe x2  
  78  8:36  Assimilator, Phoenix  
  78  8:40  Probe  
  83  8:50  Phoenix  
  83  8:52  Probe x2  
  83  8:53  Probe  
  87  8:58  Shield Battery  
  87  9:00  Shield Battery  
Show
View Real Time Build Order
Export as new Build Order

Stats Protoss - Winner!

Build Orders: Phoenix Opening, Mass Phoenix 

Get SALT Encoding   

  12  0:00  Probe  
  13  0:12  Probe  
  14  0:17  Pylon  
  14  0:24  Probe  
  15  0:32  Probe  
  15  0:36  Gateway  
  15  0:40  Probe  
  16  0:46  Assimilator  
  17  0:51  Probe  
  17  0:54  Assimilator  
  18  0:59  Probe  
  19  1:07  Probe, Gateway  
  19  1:17  Probe  
  20  1:24  Cybernetics Core  
  21  1:29  Probe  
  22  1:35  Pylon  
  22  1:41  Probe  
  23  1:53  Probe  
  24  2:01  Stalker, Sentry  
  24  2:02  Warp Gate  
  28  2:09  Pylon  
  28  2:30  Stalker  
  28  2:32  Stalker  
  31  2:42  Stargate  
  31  2:59  Nexus  
  31  3:13  Shield Battery, Probe  
  31  3:19  Phoenix  
  32  3:25  Probe  
  35  3:36  Pylon  
  35  3:37  Phoenix, Probe  
  38  3:49  Probe  
  38  3:53  Shield Battery  
  39  3:55  Phoenix  
  39  4:01  Probe  
  42  4:11  Probe  
  42  4:12  Phoenix  
  42  4:13  Probe  
  44  4:23  Probe  
  47  4:25  Probe  
  47  4:26  Assimilator  
  47  4:30  Assimilator  
  48  4:34  Stargate  
  48  4:36  Phoenix, Probe  
  48  4:38  Probe  
  52  4:49  Probe  
  52  4:50  Probe  
  54  4:56  Pylon  
  54  5:01  Probe  
  54  5:02  Phoenix, Probe  
  58  5:13  Phoenix  
  58  5:14  Probe x2  
  59  5:19  Phoenix  
  62  5:25  Pylon  
  62  5:26  Probe  
  62  5:27  Probe  
  64  5:31  Phoenix  
  66  5:44  Phoenix  
  66  5:45  Probe x2  
  70  5:53  Fleet Beacon  
  70  6:00  Phoenix  
  70  6:01  Probe x2  
  74  6:09  Phoenix  
  76  6:12  Pylon  
  76  6:18  Anion Pulse-Crystals  
  76  6:25  Phoenix  
  76  6:26  Phoenix  
  76  6:27  Pylon  
  78  6:35  Pylon  
  80  6:45  Nexus  
  80  6:47  Phoenix  
  82  6:56  Phoenix  
  84  7:01  Probe x2  
  86  7:12  Phoenix  
  86  7:13  Probe x2  
  90  7:21  Phoenix  
  92  7:36  Phoenix  
  92  7:42  Phoenix  
  86  7:44  Probe  
  86  7:45  Probe  
  84  7:53  Phoenix  
  84  7:56  Probe  
  84  7:57  Assimilator  
  83  7:59  Probe x2  
  83  8:01  Assimilator  
  85  8:08  Phoenix  
  85  8:09  Probe  
  85  8:10  Stargate  
  88  8:13  Probe  
  88  8:14  Probe  
  88  8:16  Phoenix  
  92  8:21  Probe  
  92  8:25  Phoenix  
  93  8:27  Pylon  
  93  8:32  Probe x2  
  93  8:33  Probe  
  98  8:35  Phoenix  
  98  8:40  Nexus  
  98  8:44  Phoenix  
  98  8:48  Phoenix  
  100  8:49  Pylon  
  104  8:55  Assimilator  
  105  9:09  Probe x3  
Tags
 
Add a new tag
Caveats
  • Supply blocks, unpowered buildings, or Contaminate may cause inaccurate times.
  • Supply counts are checked every 10 seconds.